AoeStats
← Erickinio

Black Forest

507833535Analyzed
4v4 RM · 13d ago on Sep 19, 2026· 98m 8s· 8 players
Game mode
Random Map
Map size
Large (8 player)
Population
200
Speed
Normal
Resources
Standard
Victory
Conquest
Starting age
Dark Age
Ending age
Imperial Age
RankedLock teamsTeams togetherTeam positionsShared explorationLock speedFull tech treeHidden civsTurbo modeCheats
Victory
Defeat
🇪🇸 Cumans · Spain
935
+13
🇺🇸 Spanish · United States
914
+14
🇳🇱 Mongols · Netherlands
909
+40
🇮🇹 Armenians · Italy
878
+16
🇨🇱 Turks · Chile
926
-17
🇳🇿 Franks · New Zealand
873
-14
🇳🇿 Persians · New Zealand
852
-13
🇦🇷 Celts · Argentina
833
-13
marcost96br
7:44 Loom
11:33 Feudal Age
12:00 Double-Bit Axe
18:22 Horse Collar
22:08 Castle Age
21:14 Bloodlines
26:27 Heavy Plow
27:33 Wheelbarrow
28:26 Husbandry
30:10 Gold Mining
30:13 Stone Mining
36:30 Imperial Age
34:23 Scale Barding Armor
37:15 Chain Barding Armor
37:46 Hand Cart
37:20 Town Watch
38:22 Elite Steppe Lancer
40:52 Cavalier
40:59 Heavy Camel Rider
45:01 Scale Mail Armor
45:15 Forging
45:09 Murder Holes
46:15 Chemistry
47:14 Conscription
49:43 Heavy Scorpion
51:59 Elite Mangudai
53:15 Pikeman
53:56 Squires
Pato
3:06 Loom
12:35 Feudal Age
13:08 Double-Bit Axe
18:45 Castle Age
18:14 Horse Collar
25:19 Wheelbarrow
27:37 Gold Mining
33:08 Forging
33:03 Scale Barding Armor
33:34 Hand Cart
35:53 Imperial Age
34:16 Bloodlines
34:53 Stone Mining
37:01 Iron Casting
36:46 Chain Barding Armor
36:00 Cavalier
36:38 Pikeman
37:04 Gambesons
40:09 Blast Furnace
39:44 Plate Barding Armor
38:36 Halberdier
39:47 Conscription
40:37 Chemistry
39:57 Ballistics
41:55 Paladin
43:26 Scale Mail Armor
50:52 Chain Mail Armor
50:49 Heavy Plow
51:01 Bow Saw
57:30 Thumb Ring
64:25 Caravan
64:38 Elite Skirmisher
67:09 Two-Man Saw
76:00 Fletching
76:11 Padded Archer Armor
76:41 Plate Mail Armor
81:54 Leather Archer Armor
81:35 Bodkin Arrow
Il Gonzaga
0:36 Loom
15:54 Feudal Age
16:20 Double-Bit Axe
16:54 Horse Collar
17:08 Gold Mining
17:12 Stone Mining
24:59 Castle Age
22:49 Man-at-Arms
23:43 Forging
23:33 Scale Mail Armor
23:55 Long Swordsman
25:19 Arson
26:13 Bow Saw
27:04 Wheelbarrow
26:49 Squires
27:20 Heavy Plow
27:57 Town Watch
27:40 Two-Handed Swordsman
29:04 Chain Mail Armor
29:44 Gambesons
30:40 Iron Casting
30:38 Hand Cart
31:54 Champion
32:59 Caravan
36:12 Gold Shaft Mining
39:32 Imperial Age
37:15 Husbandry
37:11 Fletching
39:56 Town Patrol
41:14 Blast Furnace
40:44 Plate Mail Armor
40:44 Conscription
43:25 Fereters
42:42 Elite Composite Bowman
47:41 Bodkin Arrow
47:46 Padded Archer Armor
48:01 Masonry
48:13 Ballistics
48:55 Chemistry
48:20 Pikeman
49:41 Bracer
49:56 Leather Archer Armor
49:07 Crossbowman
49:24 Capped Ram
51:53 Ring Archer Armor
50:49 Halberdier
52:20 Murder Holes
52:53 Siege Ram
62:18 Bloodlines
61:29 Light Cavalry
62:35 Fortified Wall
64:13 Scale Barding Armor
67:20 Chain Barding Armor
67:35 Guilds
68:08 Heavy Scorpion
73:33 Hoardings
79:12 Guilds
80:17 Arbalester
80:17 Elite Skirmisher
84:45 Clinker Construction
84:26 Heated Shot
89:29 Cavalier
90:40 Bombard Tower
fundopando
2:20 Loom
16:13 Feudal Age
17:57 Double-Bit Axe
17:58 Horse Collar
22:05 Castle Age
21:16 Wheelbarrow
23:40 Bow Saw
24:12 Heavy Plow
26:09 Elite Skirmisher
26:28 Crossbowman
28:36 Padded Archer Armor
30:11 Thumb Ring
31:57 Gold Mining
32:35 Fletching
32:25 Capped Ram
34:08 Leather Archer Armor
33:49 Bodkin Arrow
34:36 Hand Cart
44:28 Imperial Age
43:36 Town Watch
46:40 Ring Archer Armor
50:56 Siege Ram
57:45 Two-Man Saw
57:19 Crop Rotation
57:29 Forging
57:26 Scale Barding Armor
58:40 Light Cavalry
64:50 Chain Barding Armor
67:12 Pikeman
68:28 Squires
68:52 Bloodlines
69:10 Scale Mail Armor
72:23 Plate Barding Armor
75:38 Halberdier
78:59 Hussar
92:57 Arson
94:01 Arson
DialZero
0:27 Loom
14:10 Feudal Age
20:07 Castle Age
18:22 Double-Bit Axe
24:42 Bow Saw
24:23 Gold Mining
26:24 Stone Mining
27:55 Forging
28:45 Wheelbarrow
29:50 Scale Barding Armor
30:25 Husbandry
32:30 Chain Barding Armor
33:13 Caravan
35:36 Iron Casting
37:50 Hand Cart
41:29 Imperial Age
42:44 Cavalier
45:36 Blast Furnace
45:10 Conscription
44:43 Paladin
48:23 Fletching
53:12 Plate Barding Armor
52:38 Scale Mail Armor
52:34 Bodkin Arrow
52:41 Light Cavalry
65:37 Pikeman
66:17 Squires
67:22 Halberdier
70:08 Arson
71:06 Gambesons
74:53 Chain Mail Armor
77:38 Elite Skirmisher
81:44 #83
81:40 Padded Archer Armor
84:29 Plate Mail Armor
84:14 Leather Archer Armor
90:20 Chemistry
92:20 Elite Throwing Axeman
Maldotroid
0:39 Loom
14:50 Feudal Age
18:56 Castle Age
20:18 Town Watch
23:57 Fletching
29:40 Gold Mining
30:38 Padded Archer Armor
31:07 Stone Mining
32:44 Double-Bit Axe
32:59 Horse Collar
34:14 Leather Archer Armor
37:07 Imperial Age
35:33 Gold Shaft Mining
35:04 Heavy Plow
35:41 Bow Saw
36:14 Wheelbarrow
38:09 Conscription
38:19 Hand Cart
38:29 Bombard Tower
39:43 Masonry
40:27 Fortified Wall
40:54 Artillery
41:55 Murder Holes
42:32 Architecture
42:45 Ballistics
43:57 Hoardings
43:57 Treadmill Crane
44:47 Leather Archer Armor
45:07 Bodkin Arrow
47:57 Ring Archer Armor
47:28 Bracer
48:55 Heavy Cavalry Archer
50:01 Parthian Tactics
49:43 Thumb Ring
52:53 Caravan
59:25 Scale Barding Armor
60:58 Chain Barding Armor
61:21 Bloodlines
61:12 Husbandry
63:14 Plate Barding Armor
62:40 Scale Mail Armor
62:51 Forging
65:22 Iron Casting
67:21 Heavy Camel Rider
72:32 Blast Furnace
79:15 Two-Man Saw
miri__27
0:29 Loom
13:49 Feudal Age
14:16 Double-Bit Axe
19:57 Castle Age
19:20 Bloodlines
20:22 Horse Collar
27:35 Forging
30:12 Scale Barding Armor
32:08 Chain Barding Armor
32:26 Heavy Plow
33:30 Wheelbarrow
34:52 Husbandry
35:19 Light Cavalry
39:29 Imperial Age
38:36 Fletching
39:22 Iron Casting
39:59 Hand Cart
40:13 Heavy Camel Rider
46:59 Heavy Scorpion
52:26 Hussar
55:02 Elite War Elephant
Erickinio
0:46 Loom
12:12 Feudal Age
13:11 Double-Bit Axe
19:11 Castle Age
17:19 Gold Mining
17:22 Stone Mining
17:02 Man-at-Arms
17:28 Arson
20:39 Gambesons
26:43 Bow Saw
26:33 Long Swordsman
27:01 Treadmill Crane
29:06 Forging
29:51 Wheelbarrow
29:05 Horse Collar
31:15 Iron Casting
30:41 Scale Mail Armor
31:35 Masonry
32:07 Pikeman
33:05 Chain Mail Armor
34:33 Gold Shaft Mining
34:34 Stone Shaft Mining
34:18 Hand Cart
35:00 Stronghold
35:54 Town Watch
38:54 Imperial Age
37:09 Murder Holes
37:26 Caravan
40:06 Town Patrol
41:26 Blast Furnace
40:57 Plate Mail Armor
40:51 Conscription
40:41 Furor Celtica
40:01 Onager
41:10 Halberdier
43:25 Chemistry
42:59 Elite Woad Raider
48:26 Siege Engineers
49:12 Siege Onager
50:54 Fortified Wall
51:48 Siege Onager
56:40 Furor Celtica
67:46 Ballistics
66:51 Elite Skirmisher
75:45 Heavy Scorpion
85:37 Two-Handed Swordsman
Connection lost

Rejoining the realm…

Still unreachable

The connection could not be restored.

Session expired

The server has moved on; the page needs a fresh start.